 Dungeon Crawl Stone Soup version 0.28-a0-819-g6ef7baa362 (webtiles) character file.

Game seed: 14913177515983760796

771 iamoutofideas the Cleaver (level 7, 0/61 HPs)
             Began as a Hill Orc Monk on Nov 8, 2021.
             Was an Initiate of Gozag.
             Succumbed to a scorpion's poison
             ... on level 5 of the Dungeon.
             The game lasted 00:08:00 (7654 turns).

iamoutofideas the Cleaver (Hill Orc Monk)           Turns: 7654, Time: 00:08:00

Health: 0/61       AC:  5    Str: 16    XL:     7   Next: 83%
Magic:  7/7        EV: 12    Int: 10    God:    Gozag
Gold:   177        SH:  0    Dex: 13    Spells: 6/6 levels left

rFire   . . .      SeeInvis .   a - +0 hand axe
rCold   + . .      Faith    .   (no shield)
rNeg    . . .      Spirit   .   r - +0 leather armour
rPois   .          Reflect  .   o - +0 helmet
rElec   .          Harm     .   f - +0 cloak
rCorr   .          Rampage  .   (no gloves)
Will    .....                   (no boots)
Stlth   ++........              (no amulet)
HPRegen 0.20/turn               q - ring of protection from cold
MPRegen 0.10/turn               (no ring)

@: lethally poisoned (0 -> -15)
A: no striking features
a: Renounce Religion, Potion Petition, Call Merchant, Bribe Branch


You were on level 5 of the Dungeon.
You worshipped Gozag.
Gozag was aware of your devotion.
You visited 2 branches of the dungeon, and saw 6 of its levels.
You also visited: Sewer.

You collected 177 gold pieces.

Inventory:

Hand Weapons
 a - a +0 hand axe (weapon)
Missiles
 h - 5 curare-tipped darts (quivered)
 n - 40 poisoned darts
Armour
 e - a +0 scale mail
 f - a +0 cloak (worn)
 m - a +0 scale mail
 o - a +0 helmet (worn)
 r - a +0 leather armour (worn)
Jewellery
 q - a ring of protection from cold (left hand)
Scrolls
 c - a scroll of fog {unknown}
 d - 3 scrolls of identify
 g - 2 scrolls of noise {unknown}
 i - a scroll of fear
 j - 2 scrolls of teleportation
Potions
 k - a potion of haste
 l - 2 potions of curing
 p - a potion of attraction {unknown}


   Skills:
 + Level 5.2 Fighting
 * Level 9.0 Axes
 + Level 0.1 Throwing
 + Level 3.3 Armour
 + Level 3.4 Dodging
 - Level 2.1 Stealth


You had 6 spell levels left.
You didn't know any spells.
Your spell library contained the following spells:

 Spells                   Type           Power      Damage    Failure   Level
 Blink                    Tloc           0%         N/A       56%         2
 Manifold Assault         Tloc           0%         N/A       100%        5
 Storm Form               Tmut/Air       0%         N/A       100%        7


Dungeon Overview and Level Annotations

Branches:
Dungeon (5/15)             Temple (1/1) D:4           Sewer (visited)

Altars:
Ashenzari
Cheibriados
Dithmenos
Elyvilon
Fedhas
Gozag
Hepliaklqana
Kikubaaqudgha
Makhleb
Nemelex Xobeh
Okawaru
Qazlal
Ru
Sif Muna
Uskayaw
Vehumet
Wu Jian
Xom
Yredelemnul
Zin
The Shining One

Annotations:
D:4 exclusion: downstairs


Message History

You feel very sick. The scorpion stings you.
You slash the scorpion!
The scorpion is severely wounded.
You feel very sick. The scorpion stings you.
You are more poisoned.
The scorpion poisons you! The scorpion stings you.
You are too injured to fight recklessly!
You are too injured to fight recklessly!
You are too injured to fight recklessly!
You are too injured to fight recklessly!
You hit the scorpion but do no damage.
The scorpion is severely wounded.
You feel very sick. The scorpion closely misses you.
You closely miss the scorpion.
The scorpion is severely wounded.
You feel very sick. The scorpion stings you.
You are lethally poisoned!
The scorpion poisons you!
You closely miss the scorpion.
The scorpion is severely wounded.
* * * LOW HITPOINT WARNING * * *
You feel very sick. The scorpion stings you.
* * * LOW HITPOINT WARNING * * *
You hit the scorpion.
The scorpion is almost dead.
* * * LOW HITPOINT WARNING * * *
You feel very sick. The scorpion closely misses you.
You barely miss the scorpion.
The scorpion is almost dead.
* * * LOW HITPOINT WARNING * * *
You feel very sick. The scorpion barely misses you.
You die...
Your body crumbles into a pile of gold.

...
######+#.#..
#........#..
#........#..
#........#.#
#........#.#
######.#<#.#
###.###.#
#.....@.#
#.#.....s......
#.#############
. .. .. #..
..... #####


You could see a scorpion.

Vanquished Creatures
  An ogre (D:4)
  5 kobold brigands (Sewer)
  A hound (D:3)
  An iguana (D:4)
  Terence (D:3)
  An orc wizard (D:4)
  4 adders
  3 gnolls (D:2)
  A river rat (Sewer)
  An adder skeleton (D:4)
  9 worms
  5 dart slugs
  6 orcs
  7 bats
  10 endoplasms
  7 giant cockroaches
  11 goblins
  8 hobgoblins
  3 jackals (D:1)
  4 quokkas
  10 ball pythons
  A frilled lizard (D:1)
  11 kobolds
  14 rats
  A spectral kobold (D:1)
126 creatures vanquished.

Notes
Turn   | Place    | Note
-------+----------+-------------------------------------------
     0 | D:1      | iamoutofideas the Hill Orc Monk began the quest for the
                  | Orb.
     0 | D:1      | Reached XP level 1. HP: 19/19 MP: 1/1
   301 | D:1      | Reached XP level 2. HP: 27/27 MP: 2/2
   811 | D:1      | Found a faded altar of an unknown god.
   826 | D:1      | Reached XP level 3. HP: 17/33 MP: 3/3
  1671 | D:2      | Reached skill level 5 in Axes
  1850 | D:2      | Reached XP level 4. HP: 40/40 MP: 4/4
  2285 | D:3      | Found a glowing drain.
  2410 | Sewer    | Entered a sewer
  2868 | Sewer    | Noticed a kobold brigand
  2883 | Sewer    | Killed a kobold brigand
  2884 | Sewer    | Reached skill level 6 in Axes
  2884 | Sewer    | Reached XP level 5. HP: 41/47 MP: 5/5
  2997 | Sewer    | Noticed a kobold brigand
  3020 | Sewer    | Killed a kobold brigand
  3021 | Sewer    | Reached skill level 7 in Axes
  3021 | Sewer    | Reached XP level 6. HP: 41/53 MP: 6/6
  3798 | Sewer    | Reached skill level 1 in Armour
  4501 | Sewer    | Reached skill level 8 in Axes
  4501 | Sewer    | Reached XP level 7. HP: 47/60 MP: 7/7
  4742 | D:3      | Noticed Terence
  4770 | D:3      | Killed Terence
  5101 | D:3      | Reached skill level 5 in Fighting
  6253 | D:4      | Identified the +1 robe "Kofam" {Contam Str+9 Dex+6}
  6267 | D:4      | Found a blossoming altar of Fedhas.
  6519 | D:4      | Found a staircase to the Ecumenical Temple.
  6558 | Temple   | Entered the Ecumenical Temple
  6716 | Temple   | Became a worshipper of Gozag Ym Sagoz the Greedy
  6993 | D:5      | Entered Level 5 of the Dungeon
  7374 | D:4      | Reached skill level 9 in Axes
  7653 | D:5      | HP: 3/61 [poisoned by a scorpion]
  7654 | D:5      | Succumbed to a scorpion's poison

Illustrated notes

Levels and vault maps discovered:
D:1:      dpeg_arrival_connections, layout_basic,
          dreamdust_ecumenical_altar_drowned_temple,
          chequers_serial_rivers_micro_e
D:2:      layout_basic
D:3:      minmay_chambers_of_threes, layout_loops_ring, portal_sewer_entry_d,
          uniq_terence
D:4:      layout_rooms, mainiacjoe_overflow_concentric_impassable,
          minmay_temple_entry_hall
D:5:      layout_basic, trog_three_pillars_becter, uniq_crazy_yiuf_cottage,
          uniq_duvessa, uniq_menkaure
Temple:   regret_index_temple_chain_breaker

Skill      XL: |  1  2  3  4  5  6  7 |
---------------+----------------------+-----
Fighting       | 4 5 |  5.2
Axes           | 5 6 7 8 9 |  9.0
Stealth        | 2 |  2.1
Dodging        | 3 |  3.4
Armour         | 2 3 |  3.3
Throwing       | |  0.1

Action                   |  1- 3 |  4- 6 |  7- 9 || total
-------------------------+-------+-------+-------++-------
Melee: Hand axe          |   123 |   263 |   188 ||   574
Throw: Dart              |       |       |     7 ||     7
  Use: Scroll            |       |     5 |       ||     5
       Potion            |       |     9 |       ||     9
 Stab: Sleeping          |     2 |     3 |     1 ||     6
Armor: Robe              |    19 |     8 |       ||    27
       Scale mail        |       |    71 |    70 ||   141
Dodge: Dodged            |    72 |   121 |   120 ||   313

Table legend: (Time is in decaauts)
 A = Elapsed time spent in this place.
 B = Non-inter-level travel time spent in this place.
 C = Inter-level travel time spent in this place.
 D = Time resting spent in this place.
 E = Time spent auto-exploring this place.
 F = Levels seen in this place.
 G = Mean time per level.
                   A        B        C        D        E       F      G
               +--------+--------+--------+--------+--------+-----+--------+
         Total |   7838 |   7439 |    399 |   1774 |   4292 |   7 | 1119.7 |
       Dungeon |   5279 |   4925 |    354 |    686 |   3371 |   5 | 1055.8 |
        Temple |    173 |    129 |     44 |      0 |    111 |   1 |  173.0 |
         Sewer |   2385 |   2385 |      0 |   1088 |    809 |   1 | 2385.0 |
               +--------+--------+--------+--------+--------+-----+--------+

Top non-repeatable levels by time:
   Sewer: 2385 daAuts
     D:1: 1471 daAuts
     D:3: 1307 daAuts
     D:2: 1247 daAuts
     D:4: 1217 daAuts
  Temple: 173 daAuts
     D:5: 35 daAuts
